Warning! The script has encountered some errors when parsing the replay. Please report them to the . » details
0x00, prev: 0x16: 16 02 01 00 C7 89 00 00 82 D0 00 00 [00] 00 00 00 00 00 00 00 00 00 00 00 00 00 00 00 00 00 00 00 00 00 00 00 00 00
0x00, prev: 0x00: 16 02 01 00 C7 89 00 00 82 D0 00 00 00 00 00 00 00 00 00 00 00 00 00 00 00 00 00 00 00 00 00 00 00 00 00 00 [00] 00
0x00, prev: 0x02: 16 02 01 00 63 89 00 00 5F E0 00 00 00 00 00 00 00 00 00 00 00 00 00 00 00 00 00 00 00 00 00 00 00 00 00 00 02 [00]
0x0C, prev: 0x00: 16 02 01 00 6B 8B 00 00 EA 2A 08 00 00 00 00 00 00 00 00 00 00 00 00 00 00 00 00 00 00 00 00 00 00 00 00 00 [0C] 00
0x0B, prev: 0x00: 16 02 01 00 1F 9D 00 00 C6 74 04 00 00 00 00 00 00 00 00 00 00 00 00 00 00 00 00 00 00 00 00 00 00 00 00 00 [0B] 00
General information
- name: BNet
- type: Ladder team game (AT/RT)
- host: Battle.net
- saver: WellThatIsThat
map: UpperKingdom
- players: 6
- length: 66:45
- speed: Fast
- version: 1.23 W3XP
- replay type: Public
» download(302 KB)
Players
team 1 (loser)

»
WaTcHMeKiLLYoU (
red | 43 APM | 2857 actions | 66:04)
7 Death Knight
3 Death Coil
3 Unholy Aura
1 Animate Dead
6 Lich
3 Frost Nova
2 Frost Armor
1 Death and Decay
» actions
| Basic commands | 366 | |
| Build / train | 120 | |
| ESC pressed | 5 | |
| Enter build submenu | 30 | |
| Enter hero's abilities submenu | 13 | |
| Give item / drop item | 1 | |
| Remove unit from queue | 1 | |
| Right click | 1284 | |
| Select / deselect | 925 | |
| Use ability | 112 | |
2857 total
» units
| Acolyte | 14 | |
| Ghoul | 12 | |
| Crypt Fiend | 6 | |
| Magnataur Warrior | 1 | |
| Frost Wyrm | 15 | |
| Gargoyle | 33 | |
81 total
» upgrades
| Web | 1 | |
| Creature Attack | 3 | |
| Creature Carapace | 3 | |
| Freezing Breath | 1 | |
| Unholy Strength | 2 | |
| Unholy Armor | 2 | |
12 total
» buildings
| Ziggurat | 9 | |
| Altar of Darkness | 1 | |
| Crypt | 6 | |
| Graveyard | 1 | |
| Tomb of Relics | 1 | |
| Halls of the Dead | 2 | |
| Black Citadel | 2 | |
| Sacrificial Pit | 1 | |
| Necropolis | 1 | |
| Boneyard | 4 | |
28 total
» build order
00:18 Ziggurat
00:23 Altar of Darkness
00:27 Crypt
01:05 Graveyard
01:16 Tomb of Relics
01:56 Ziggurat
04:52 Halls of the Dead
04:57 Ziggurat
07:06 Ziggurat
07:08 Ziggurat
07:14 Black Citadel
08:31 Sacrificial Pit
08:36 Necropolis
08:39 Ziggurat
08:43 Ziggurat
08:45 Ziggurat
09:38 Boneyard
09:40 Boneyard
09:58 Ziggurat
26:32 Crypt
27:17 Crypt
41:11 Crypt
41:14 Crypt
41:22 Crypt
56:27 Halls of the Dead
58:57 Black Citadel
61:39 Boneyard
61:43 Boneyard
» items
| Rod of Necromancy | 2 | |
| Potion of Mana | 2 | |
| Scroll of Town Portal | 2 | |
| Healing Salve | 1 | |
7 total

»
gcowhsu (
blue | 32 APM | 2146 actions | 66:36)
6 Tauren Chieftain
3 Shockwave
2 Endurance Aura
1 Reincarnation
6 Shadow Hunter
3 Healing Wave
2 Hex
1 Big Bad Voodoo
» actions
| Assign group hotkey | 18 | |
| Basic commands | 291 | |
| Build / train | 106 | |
| Enter build submenu | 30 | |
| Enter hero's abilities submenu | 12 | |
| Give item / drop item | 1 | |
| Right click | 780 | |
| Select / deselect | 762 | |
| Select group hotkey | 15 | |
| Use ability | 131 | |
2146 total
» units
| Peon | 6 | |
| Grunt | 15 | |
| Troll Witch Doctor | 11 | |
| Wind Rider | 24 | |
| Raider | 4 | |
| Troll Batrider | 6 | |
| Demolisher | 1 | |
67 total
» upgrades
| Armor | 2 | |
| Berserker Strength | 1 | |
| Witch Doctor Training | 2 | |
| Pillage | 1 | |
| Reinforced Defenses | 1 | |
| Melee Weapons | 1 | |
| Ranged Weapons | 3 | |
| Spiked Barricades | 1 | |
| Envenomed Spears | 1 | |
| Ensnare | 1 | |
14 total
» buildings
| Orc Burrow | 8 | |
| Altar of Storms | 1 | |
| Barracks | 1 | |
| Voodoo Lounge | 1 | |
| Stronghold | 3 | |
| War Mill | 2 | |
| Spirit Lodge | 2 | |
| Fortress | 2 | |
| Great Hall | 4 | |
| Beastiary | 6 | |
30 total
» build order
00:09 Orc Burrow
00:22 Altar of Storms
01:00 Barracks
01:39 Orc Burrow
02:23 Orc Burrow
02:35 Voodoo Lounge
03:21 Orc Burrow
04:20 Stronghold
05:38 War Mill
07:07 Spirit Lodge
08:35 Spirit Lodge
09:25 Orc Burrow
10:33 Fortress
10:40 Orc Burrow
12:21 Orc Burrow
16:24 Great Hall
22:22 Great Hall
23:37 Stronghold
23:37 Stronghold
26:27 Beastiary
26:31 Beastiary
27:46 Beastiary
30:38 Orc Burrow
32:23 Fortress
38:16 War Mill
41:19 Beastiary
41:23 Beastiary
49:07 Great Hall
51:56 Beastiary
55:09 Great Hall
» items
| Healing Salve | 3 | |
| Lesser Clarity Potion | 1 | |
| Orb of Lightning | 1 | |
| Orb of Venom | 1 | |
6 total

»
IsThisTheRealNa (
green | 38 APM | 2518 actions | 66:44)
6 Warden
2 Shadow Strike
3 Blink
1 Spirit of Vengeance
» actions
| Assign group hotkey | 37 | |
| Basic commands | 202 | |
| Build / train | 192 | |
| Enter build submenu | 33 | |
| Enter hero's abilities submenu | 6 | |
| Give item / drop item | 25 | |
| Remove unit from queue | 17 | |
| Right click | 971 | |
| Select / deselect | 483 | |
| Select group hotkey | 290 | |
| Use ability | 262 | |
2518 total
» units
| Wisp | 72 | |
| Huntress | 6 | |
| Glaive Thrower | 1 | |
| Druid of the Talon | 1 | |
| Chimaera | -1 | |
| Hippogryph | 25 | |
| Archer | 7 | |
111 total
» upgrades
| Strength of the Moon | 3 | |
| Upgrade Moon Glaive | 1 | |
| Vorpal Blades | 1 | |
| Strength of the Wild | 3 | |
| Druid of the Talon Training | 2 | |
| Ultravision | 1 | |
| Moon Armor | 2 | |
| Reinforced Hides | 4 | |
| Corrosive Breath | 1 | |
| Well Spring | 1 | |
| Marksmanship | 1 | |
| Mark of the Talon | 1 | |
21 total
» buildings
| Altar of Elders | 1 | |
| Moon Well | 6 | |
| Hunter's Hall | 1 | |
| Ancient of War | 3 | |
| Tree of Ages | 3 | |
| Tree of Life | 11 | |
| Tree of Eternity | 1 | |
| Ancient of Wind | 2 | |
| Chimaera Roost | 2 | |
| Ancient of Wonders | 4 | |
34 total
» build order
00:09 Altar of Elders
00:16 Moon Well
02:01 Hunter's Hall
02:06 Ancient of War
02:12 Ancient of War
02:15 Moon Well
02:28 Moon Well
03:41 Moon Well
03:43 Moon Well
05:48 Tree of Ages
05:48 Tree of Ages
08:03 Tree of Life
08:14 Tree of Eternity
08:17 Tree of Life
11:08 Ancient of Wind
11:13 Ancient of Wind
11:18 Moon Well
17:50 Chimaera Roost
17:52 Chimaera Roost
20:03 Tree of Life
20:07 Tree of Life
20:17 Tree of Life
23:03 Tree of Life
23:09 Tree of Life
23:46 Tree of Life
25:34 Tree of Life
26:47 Ancient of Wonders
26:58 Ancient of Wonders
26:59 Ancient of Wonders
27:01 Ancient of Wonders
30:11 Tree of Life
41:50 Tree of Life
54:54 Ancient of War
» items
| Orb of Venom | 2 | |
| Scroll of Town Portal | 24 | |
| Potion of Healing | 2 | |
| Tiny Great Hall | 3 | |
| Orb of Lightning | 1 | |
32 total
team 2 (winner)
NukeCola (
teal | 31 APM | 883 actions | 28:11)
3 Tauren Chieftain
1 Shockwave
2 Endurance Aura
2 Shadow Hunter
1 Healing Wave
1 Serpent Ward
» actions
| Assign group hotkey | 12 | |
| Basic commands | 14 | |
| Build / train | 40 | |
| Enter build submenu | 19 | |
| Enter hero's abilities submenu | 5 | |
| Remove unit from queue | 1 | |
| Right click | 456 | |
| Select / deselect | 187 | |
| Select group hotkey | 109 | |
| Use ability | 40 | |
883 total
» units
» upgrades
| Melee Weapons | 1 | |
| Berserker Strength | 1 | |
| Armor | 1 | |
| Pillage | 1 | |
4 total
» buildings
| Orc Burrow | 5 | |
| Altar of Storms | 1 | |
| Barracks | 1 | |
| Voodoo Lounge | 1 | |
| War Mill | 1 | |
| Stronghold | 1 | |
| Fortress | 1 | |
| Tauren Totem | 5 | |
| Great Hall | 1 | |
17 total
» build order
00:15 Orc Burrow
00:21 Altar of Storms
00:53 Barracks
01:19 Orc Burrow
01:45 Voodoo Lounge
02:31 War Mill
03:37 Stronghold
04:00 Orc Burrow
05:02 Orc Burrow
06:19 Fortress
06:25 Orc Burrow
09:22 Tauren Totem
09:33 Tauren Totem
11:00 Great Hall
11:26 Tauren Totem
11:32 Tauren Totem
12:05 Tauren Totem
» items
| Healing Salve | 1 | |
| Orb of Lightning | 1 | |
| Potion of Healing | 1 | |
| Potion of Mana | 1 | |
| Orb of Corruption | 1 | |
5 total
Evon (
orange | 45 APM | 1531 actions | 34:04)
3 Dreadlord
2 Vampiric Aura
1 Sleep
» actions
| Assign group hotkey | 28 | |
| Build / train | 48 | |
| Enter build submenu | 15 | |
| Enter hero's abilities submenu | 3 | |
| Remove unit from queue | 1 | |
| Right click | 803 | |
| Select / deselect | 417 | |
| Select group hotkey | 175 | |
| Use ability | 39 | |
1531 total
» units
| Acolyte | 2 | |
| Ghoul | 7 | |
| Necromancer | 8 | |
| Meatwagon | 7 | |
| Obsidian Statue | 4 | |
| Gargoyle | 3 | |
31 total
» upgrades
| Unholy Strength | 2 | |
| Unholy Armor | 2 | |
| Skeletal Longevity | 1 | |
| Necromancer Training | 1 | |
| Exhume Corpses | 1 | |
| Skeletal Mastery | 1 | |
8 total
» buildings
| Ziggurat | 6 | |
| Crypt | 1 | |
| Altar of Darkness | 1 | |
| Graveyard | 1 | |
| Halls of the Dead | 1 | |
| Temple of the Damned | 2 | |
| Slaughterhouse | 2 | |
| Tomb of Relics | 1 | |
| Black Citadel | 1 | |
| Spirit Tower | 1 | |
17 total
» build order
00:05 Ziggurat
00:09 Crypt
00:38 Altar of Darkness
02:03 Graveyard
02:16 Ziggurat
03:46 Ziggurat
04:42 Halls of the Dead
05:20 Ziggurat
06:10 Ziggurat
06:56 Ziggurat
07:08 Temple of the Damned
07:10 Temple of the Damned
07:14 Slaughterhouse
07:21 Slaughterhouse
08:31 Tomb of Relics
10:57 Black Citadel
18:43 Spirit Tower

»
WellThatIsThat (
pink | 57 APM | 3805 actions | 66:45)
7 Warden
3 Shadow Strike
3 Blink
1 Fan of Knives
6 Dark Ranger
3 Silence
2 Black Arrow
1 Charm
8 Goblin Alchemist
3 Acid Bomb
3 Chemical Rage
1 Transmute
1 Healing Spray
» actions
| Assign group hotkey | 48 | |
| Basic commands | 252 | |
| Build / train | 126 | |
| ESC pressed | 4 | |
| Enter build submenu | 35 | |
| Enter hero's abilities submenu | 21 | |
| Give item / drop item | 25 | |
| Right click | 1736 | |
| Select / deselect | 717 | |
| Select group hotkey | 596 | |
| Use ability | 245 | |
3805 total
» units
| Wisp | 31 | |
| Archer | 27 | |
| Glaive Thrower | 1 | |
| Hippogryph | 4 | |
| Druid of the Talon | 5 | |
| Barbed Arachnathid | 1 | |
69 total
» upgrades
| Strength of the Moon | 3 | |
| Vorpal Blades | 1 | |
| Improved Bows | 1 | |
| Moon Armor | 2 | |
| Marksmanship | 1 | |
| Well Spring | 1 | |
| Strength of the Wild | 3 | |
| Druid of the Talon Training | 2 | |
| Mark of the Talon | 1 | |
15 total
» buildings
| Moon Well | 23 | |
| Altar of Elders | 3 | |
| Hunter's Hall | 1 | |
| Ancient of War | 3 | |
| Tree of Ages | 4 | |
| Tree of Eternity | 2 | |
| Tree of Life | 3 | |
| Ancient of Wind | 2 | |
| Ancient of Wonders | 2 | |
43 total
» build order
00:22 Moon Well
00:31 Altar of Elders
01:44 Moon Well
02:06 Hunter's Hall
02:10 Ancient of War
02:12 Ancient of War
02:32 Moon Well
03:09 Tree of Ages
03:09 Tree of Ages
06:20 Tree of Eternity
06:50 Tree of Life
07:20 Moon Well
08:12 Ancient of Wind
08:12 Ancient of Wind
09:53 Ancient of Wonders
12:10 Moon Well
12:10 Moon Well
12:11 Moon Well
12:11 Moon Well
12:15 Moon Well
12:15 Moon Well
18:06 Tree of Life
18:10 Tree of Life
22:28 Moon Well
22:32 Moon Well
23:41 Moon Well
23:43 Moon Well
25:59 Moon Well
27:40 Ancient of Wonders
32:53 Moon Well
34:13 Tree of Ages
35:30 Altar of Elders
35:57 Moon Well
35:58 Moon Well
37:45 Ancient of War
44:59 Moon Well
45:00 Moon Well
45:04 Moon Well
47:00 Tree of Eternity
47:42 Moon Well
47:43 Moon Well
55:17 Altar of Elders
» items
| Tiny Great Hall | 1 | |
| Scroll of Town Portal | 4 | |
| Scroll of Speed | 1 | |
| Orb of Venom | 1 | |
| Staff of Preservation | 1 | |
| Orb of Corruption | 1 | |
| Orb of Lightning | 1 | |
10 total
Chat log
(00:17 / 7) WellThatIsThat: im gonna get a warden and attempt to perch
(00:32 / 8) IsThisTheRealNa: which corner
(00:33 / Allies) NukeCola: melee
(00:36 / 7) WellThatIsThat: ill take bottom right
(00:42 / 7) WellThatIsThat: seeing as how im already there
(00:45 / Allies) Evon: necs wags dl
(00:50 / 8) IsThisTheRealNa: ill try for top left?
(00:53 / 7) WellThatIsThat: kl
(00:58 / 8) IsThisTheRealNa: what power u get first
(01:01 / 7) WellThatIsThat: ss
(01:04 / 7) WellThatIsThat: u cant perch fast this map
(01:12 / 8) IsThisTheRealNa: what units should we get for defense
(01:12 / 7) WellThatIsThat: so cross your fingers teams are halfway balanced
(01:18 / 7) WellThatIsThat: archers i guess
(01:19 / 7) WellThatIsThat: idk
(01:25 / 7) WellThatIsThat: gotta have a glaive or two to clear perch
(01:34 / 8) IsThisTheRealNa: then ill just go hunts
(01:35 / 8) IsThisTheRealNa: and sit D
(01:40 / 7) WellThatIsThat: k
(01:49 / Allies) Evon: shit lagg
(03:55 / Allies) Evon: TEAL
(05:05 / Allies) Evon: shit
(05:49 / Allies) Evon: give claws
(05:51 / Allies) Evon: plz
(06:03 / Allies) Evon: ty
(06:09 / 7) WellThatIsThat: guy wants clwas cus hes dreadlord
(06:13 / 7) WellThatIsThat: and dreadlord gets vamp...
(06:28 / Allies) Evon: next item tauren
(07:49 / 7) WellThatIsThat: level blink first after level 1
(07:59 / Allies) Evon: taurem
(08:31 / 8) IsThisTheRealNa: what do i take on perch with me
(08:42 / 7) WellThatIsThat: do u have a way of perching
(08:43 / 7) WellThatIsThat: oh yeah
(08:45 / 7) WellThatIsThat: quick hall
(08:51 / 7) WellThatIsThat: u gotta clear big area from below
(08:55 / 7) WellThatIsThat: with glaive
(08:58 / 7) WellThatIsThat: then bounce up
(08:59 / 7) WellThatIsThat: and quick hall
(09:58 / Allies) Evon: gold plz
(10:09 / 7) WellThatIsThat: dont
(10:10 / 7) WellThatIsThat: come attack me
(10:11 / 7) WellThatIsThat: pls
(10:49 / Allies) Evon: counter
(11:44 / 8) IsThisTheRealNa: b
(12:37 / Allies) NukeCola: ready?
(13:03 / Allies) WellThatIsThat: b
(13:28 / Allies) Evon: get anti air
(13:32 / Allies) WellThatIsThat: k
(13:33 / Allies) Evon: bats
(13:35 / All) WaTcHMeKiLLYoU: wow
(13:37 / All) WaTcHMeKiLLYoU: u guys are bac
(13:38 / All) WaTcHMeKiLLYoU: bad
(14:13 / Allies) Evon: teal plz dont mass grunts
(14:36 / 8) IsThisTheRealNa: :S
(14:39 / Allies) Evon: main
(14:40 / 8) IsThisTheRealNa: wth
(14:45 / All) WaTcHMeKiLLYoU: i got them
(15:21 / 7) WellThatIsThat: get outta here
(15:25 / All) WaTcHMeKiLLYoU: repair
(15:26 / All) WaTcHMeKiLLYoU: repair
(15:27 / All) WaTcHMeKiLLYoU: repair
(16:13 / Allies) Evon: i owned their main
(16:41 / 7) WellThatIsThat: gold pls
(16:44 / Allies) WellThatIsThat: gold pls
(16:46 / Allies) Evon: we lose
(17:03 / Allies) Evon: get anti air
(17:09 / Allies) Evon: and protect me
(17:13 / 8) IsThisTheRealNa: i got 7k
(17:16 / 8) IsThisTheRealNa: dono how to get up tho
(17:52 / Allies) Evon: pink plz
(17:55 / Allies) Evon: cmon
(18:47 / 7) WellThatIsThat: tk them
(18:49 / 7) WellThatIsThat: to distract
(19:06 / Allies) Evon: pink plz
(19:47 / Allies) WellThatIsThat: gold me now
(19:49 / 8) IsThisTheRealNa: u could perch
(19:51 / Allies) WellThatIsThat: i make base here
(19:53 / 8) IsThisTheRealNa: and i could take all the gold on them ap
(19:55 / 8) IsThisTheRealNa: hows that shound
(19:58 / 7) WellThatIsThat: k
(23:04 / Allies) Evon: pink u think u are gonna win
(23:11 / Allies) WellThatIsThat: yeah they cant get ehre without blink
(23:21 / Allies) Evon: but u need to protect with ur anti air
(23:34 / All) WaTcHMeKiLLYoU: uhhh
(23:35 / Allies) Evon: u need wood
(23:38 / All) WaTcHMeKiLLYoU: no units?
(23:53 / Allies) Evon: pink u need wood
(23:56 / All) Evon: ?
(24:11 / Allies) WellThatIsThat: need gold
(24:18 / Allies) Evon: dont have
(25:02 / Allies) Evon: teal send all to pink
(25:08 / Allies) Evon: move arch
(25:13 / Allies) Evon: atack
(25:34 / All) NukeCola: .....
(25:47 / Allies) Evon: b
(25:48 / Allies) Evon: b
(25:57 / Allies) Evon: they cant come
(26:09 / Allies) Evon: we need gold mine
(26:18 / All) WaTcHMeKiLLYoU: ouch
(26:30 / All) Evon: LOLZ
(26:32 / 7) WellThatIsThat: sweet
(26:34 / All) Evon: Shit
(26:36 / 8) IsThisTheRealNa: look at all the mines im soaking
(26:36 / All) WaTcHMeKiLLYoU: guess i need to buy a blimp
(26:36 / 7) WellThatIsThat: i just need a way tyo get gold now
(26:42 / All) WellThatIsThat: yep
(26:43 / All) WellThatIsThat: get two
(26:54 / All) WaTcHMeKiLLYoU: blue move
(26:55 / All) WaTcHMeKiLLYoU: move
(26:57 / Allies) Evon: i need a gold mine
(27:06 / All) WaTcHMeKiLLYoU: get the fuck out of my way
(27:11 / Allies) Evon: they have all
(27:40 / 8) IsThisTheRealNa: i will put a secret item stash
(27:42 / 8) IsThisTheRealNa: after i make shops
(27:45 / 7) WellThatIsThat: u need to hide them somewher ewhere u cant see
(27:45 / 8) IsThisTheRealNa: for u 2 sell
(27:48 / 7) WellThatIsThat: so they dont see me loading items
(27:58 / Allies) Evon: they have all mines
(28:04 / All) NukeCola: .....
(28:09 / All) NukeCola: i quit
(28:14 / 8) IsThisTheRealNa: i give u a crown and mask of death
(28:17 / 8) IsThisTheRealNa: get ready tho
(28:21 / 7) WellThatIsThat: dont give to me
(28:22 / 7) WellThatIsThat: set down
(28:23 / 7) WellThatIsThat: in darkness
(28:24 / 7) WellThatIsThat: and leave
(28:25 / 7) WellThatIsThat: them
(28:28 / 8) IsThisTheRealNa: watch my hero
(28:31 / 8) IsThisTheRealNa: above ur perch
(28:32 / 8) IsThisTheRealNa: get ready
(28:34 / 8) IsThisTheRealNa: slurm allies
(28:35 / 8) IsThisTheRealNa: etc
(28:36 / 7) WellThatIsThat: no
(28:37 / 7) WellThatIsThat: in darkness
(28:38 / 7) WellThatIsThat: i said
(28:40 / 7) WellThatIsThat: not in sight
(28:42 / 8) IsThisTheRealNa: i know
(28:44 / 8) IsThisTheRealNa: it is dark there
(28:50 / 8) IsThisTheRealNa: look at that ledge iof water
(28:51 / 8) IsThisTheRealNa: in dark
(28:51 / 7) WellThatIsThat: ur tree sees
(28:53 / 7) WellThatIsThat: o
(28:59 / All) Evon: PLZ
(29:14 / Allies) Evon: dude pink we cant
(29:15 / 8) IsThisTheRealNa: get ready
(29:20 / 8) IsThisTheRealNa: u lead there
(29:23 / Allies) Evon: blink
(29:29 / 8) IsThisTheRealNa: thats where i meant
(29:31 / 8) IsThisTheRealNa: where ur guy is
(29:34 / 8) IsThisTheRealNa: i was gonna put items
(29:38 / 7) WellThatIsThat: u cant put items
(29:40 / 7) WellThatIsThat: at nerd central
(29:42 / 7) WellThatIsThat: go put soemwhere safe
(29:52 / 7) WellThatIsThat: to north
(29:54 / 7) WellThatIsThat: in ur base
(29:56 / 7) WellThatIsThat: or soemthing
(30:00 / 8) IsThisTheRealNa: to left
(30:02 / 8) IsThisTheRealNa: past bottom mine
(30:07 / All) WaTcHMeKiLLYoU: hey green
(30:10 / All) WaTcHMeKiLLYoU: id like to leave
(30:21 / All) WaTcHMeKiLLYoU: any chance you can spend some of your 17k in gold
(30:23 / 7) WellThatIsThat: just put them down
(30:24 / All) WaTcHMeKiLLYoU: so we can end this
(30:26 / 7) WellThatIsThat: i dont have time to plan something
(30:28 / 7) WellThatIsThat: i need to see them
(30:30 / 7) WellThatIsThat: on ground
(30:31 / 7) WellThatIsThat: then go get
(30:51 / 8) IsThisTheRealNa: u see where iput them?
(30:52 / 8) IsThisTheRealNa: go get
(31:23 / 7) WellThatIsThat: no i dont
(31:37 / 8) IsThisTheRealNa: watch my hero
(31:38 / 8) IsThisTheRealNa: watch it
(31:39 / Allies) Evon: lolz
(31:40 / 8) IsThisTheRealNa: here i go
(31:43 / 8) IsThisTheRealNa: standing on items
(31:44 / 8) IsThisTheRealNa: look at me
(31:46 / 8) IsThisTheRealNa: lalala
(31:52 / 8) IsThisTheRealNa: in line of sight now with gya hero sitting on
(31:53 / 7) WellThatIsThat: oh right, the green spot on the map
(31:57 / 7) WellThatIsThat: its ok sean showe dme
(31:58 / Allies) Evon: help me
(32:11 / 8) IsThisTheRealNa: u may wanna take mana stien
(32:13 / 8) IsThisTheRealNa: but not hte orb
(32:15 / 8) IsThisTheRealNa: and warsong
(32:17 / 8) IsThisTheRealNa: aww
(32:22 / 8) IsThisTheRealNa: u left mana stein
(32:28 / Allies) Evon: dude
(32:34 / Allies) Evon: i dont have more acols
(32:39 / Allies) Evon: kill
(33:07 / All) WellThatIsThat: a darky stole my bike!
(33:07 / Allies) Evon: bye
(33:25 / Allies) Evon: u lost
(33:42 / Allies) Evon: g
(33:48 / Allies) Evon: get the hell owned
(33:50 / All) WaTcHMeKiLLYoU: green
(33:51 / All) WaTcHMeKiLLYoU: jesus
(33:55 / All) WaTcHMeKiLLYoU: we all want to go
(33:56 / All) WaTcHMeKiLLYoU: fuckin play
(34:24 / 8) IsThisTheRealNa: eat my hunts
(34:25 / 8) IsThisTheRealNa: if u want
(34:26 / 8) IsThisTheRealNa: in fact
(34:28 / 8) IsThisTheRealNa: id prefer it
(35:40 / All) WellThatIsThat: TK
(35:41 / 7) WellThatIsThat: FULL VOLUEM
(36:01 / 7) WellThatIsThat: thou must tk
(36:02 / 7) WellThatIsThat: at once
(36:19 / All) WaTcHMeKiLLYoU: green jesus christ
(36:20 / 7) WellThatIsThat: mass unmounts
(36:26 / All) WaTcHMeKiLLYoU: fuckin give gold so i can win and go
(36:32 / All) WaTcHMeKiLLYoU: u took up all the fuckin gmines
(36:43 / All) WaTcHMeKiLLYoU: to be honst
(36:49 / All) WaTcHMeKiLLYoU: i have no idea how pink got over there
(36:52 / 7) WellThatIsThat: send food
(36:53 / 7) WellThatIsThat: to corner
(36:55 / 7) WellThatIsThat: for me to transmute
(37:16 / 7) WellThatIsThat: bnlinke me items
(37:18 / 7) WellThatIsThat: idc how obv it is
(37:20 / 7) WellThatIsThat: can u tk?
(37:24 / 7) WellThatIsThat: u have 3 seconds to tk bleu air or its gg
(37:25 / All) WaTcHMeKiLLYoU: altar
(37:35 / 8) IsThisTheRealNa: i put htem inbetween bottom 2 bases
(37:37 / 8) IsThisTheRealNa: in woods
(37:39 / 8) IsThisTheRealNa: that were aten out
(37:40 / 7) WellThatIsThat: TK THEIR AIR
(37:40 / 7) WellThatIsThat: AT ONCE
(37:41 / 8) IsThisTheRealNa: eaten
(38:19 / All) WaTcHMeKiLLYoU: wow
(38:21 / 7) WellThatIsThat: TELL THEM ITS FOR TALKING SHIT
(38:23 / All) WaTcHMeKiLLYoU: fuck off green
(38:24 / 7) WellThatIsThat: DONT LET THEM THINK ITS GG
(38:57 / 7) WellThatIsThat: YOUR FAG HUNTS
(39:00 / 7) WellThatIsThat: ARE IINVINCIBLE
(39:07 / All) WaTcHMeKiLLYoU: noob bitch green
(39:09 / 7) WellThatIsThat: INVISIBLE
(39:10 / 7) WellThatIsThat: HUNTS
(39:12 / All) WaTcHMeKiLLYoU: waste my fuckin time whore
(39:16 / 7) WellThatIsThat: SEND ME A HUNT
(39:17 / 7) WellThatIsThat: FOR TRANSMUTE
(39:22 / 7) WellThatIsThat: 1 LOWLY HUNT
(39:24 / 7) WellThatIsThat: MY LORD
(40:18 / 7) WellThatIsThat: LURE THEM
(40:20 / 7) WellThatIsThat: SO I CAN XMUTE
(40:56 / 7) WellThatIsThat: K
(40:57 / 7) WellThatIsThat: DONT TK NOW
(40:58 / 7) WellThatIsThat: IM GOT IT
(41:04 / 7) WellThatIsThat: JUST FEED ME
(41:05 / 7) WellThatIsThat: GOLD
(41:07 / 8) IsThisTheRealNa: thats gonna be hard
(42:02 / 7) WellThatIsThat: STOP TKING
(42:05 / 7) WellThatIsThat: i want a perch fight
(42:06 / 8) IsThisTheRealNa: cant
(42:06 / 7) WellThatIsThat: not a tk fight
(42:07 / 8) IsThisTheRealNa: its a war
(42:15 / 7) WellThatIsThat: well
(42:18 / 7) WellThatIsThat: we could have done this
(42:21 / 7) WellThatIsThat: on murgol oasis
(42:40 / All) WaTcHMeKiLLYoU: wtf u wastging our time for green
(42:57 / All) WaTcHMeKiLLYoU: wtf are u such a backstabber
(43:09 / 7) WellThatIsThat: let them tk you now
(43:14 / 7) WellThatIsThat: id rather lose a perch fight than win a tk fight
(43:15 / 7) WellThatIsThat: at this point
(43:30 / 7) WellThatIsThat: ? y/n
(43:35 / 7) WellThatIsThat: hes just going to quit
(43:37 / 7) WellThatIsThat: in oone hero kill
(47:54 / All) WaTcHMeKiLLYoU: pink
(47:56 / All) WaTcHMeKiLLYoU: this is fucking gay
(47:58 / All) WaTcHMeKiLLYoU: fuck u
(48:00 / All) WaTcHMeKiLLYoU: and fuck green
(48:07 / 7) WellThatIsThat: watch this
(48:08 / 7) WellThatIsThat: scorpion
(48:09 / 7) WellThatIsThat: watch it
(48:16 / 7) WellThatIsThat: regens fast
(48:31 / All) WaTcHMeKiLLYoU: first
(49:03 / 8) IsThisTheRealNa: how do i get a hall up this corner?
(49:09 / 7) WellThatIsThat: orc fast hall
(49:14 / 7) WellThatIsThat: oh
(49:16 / 7) WellThatIsThat: u have to make hall
(49:17 / 7) WellThatIsThat: tp
(49:18 / 7) WellThatIsThat: and repeat
(49:20 / 7) WellThatIsThat: ;_;
(49:29 / 8) IsThisTheRealNa: tp a wisp up?
(49:35 / 7) WellThatIsThat: u cant tp up ledge
(49:37 / 7) WellThatIsThat: u have to tp glaives up
(49:39 / 7) WellThatIsThat: then clear more
(49:41 / 8) IsThisTheRealNa: theyre not gonna fight you
(49:43 / 8) IsThisTheRealNa: its just htem vs me
(49:51 / 7) WellThatIsThat: get another quick hall
(49:53 / 7) WellThatIsThat: if u can afford
(49:54 / 7) WellThatIsThat: get 2 more if u can
(50:04 / All) WaTcHMeKiLLYoU: fuck his bitch ass up
(51:21 / 7) WellThatIsThat: just feed me w/e u got left
(51:35 / 8) IsThisTheRealNa: bout nothing
(52:05 / 8) IsThisTheRealNa: u gon get owned
(53:02 / 8) IsThisTheRealNa: inc @ u
(53:10 / 8) IsThisTheRealNa: shoulda gotten fans
(53:17 / 8) IsThisTheRealNa: use ur archers
(53:23 / 8) IsThisTheRealNa: or not
(55:30 / All) WaTcHMeKiLLYoU: i cant believe how fucking gay you are
(55:33 / All) WellThatIsThat: n00b
(55:38 / All) WaTcHMeKiLLYoU: lol
(55:43 / All) WaTcHMeKiLLYoU: this game was over fuckin 45 min ago
(55:45 / All) WaTcHMeKiLLYoU: im the noob?
(55:48 / All) WellThatIsThat: n00b
(55:50 / All) IsThisTheRealNa: hes going to sit around killing me
(55:52 / All) WaTcHMeKiLLYoU: it would be aovefr
(55:54 / All) IsThisTheRealNa: because theres no way he can beat you
(55:59 / All) WaTcHMeKiLLYoU: lol
(55:59 / All) WellThatIsThat: n00b\
(56:04 / All) WaTcHMeKiLLYoU: not with a bitch ass ally like you green
(56:12 / All) WaTcHMeKiLLYoU: dumb fuckin cunt
(56:41 / All) WellThatIsThat: IF MY ALLies didnt make 4 grutns ALL GAME you would have lost 2 YEARS ago
(56:43 / 8) IsThisTheRealNa: wish i had a boots
(56:46 / 8) IsThisTheRealNa: or that mana stein
(56:48 / All) WaTcHMeKiLLYoU: lol
(56:49 / All) WaTcHMeKiLLYoU: dont think so
(57:30 / All) WellThatIsThat: this is gobnna be tough when i get charm, dude
(57:49 / All) WaTcHMeKiLLYoU: u just lucky green took all the fuckin mines
(57:56 / All) WaTcHMeKiLLYoU: and now there is no gold or you would be dead so long ago
(58:05 / All) IsThisTheRealNa: yeah it couldnt possibly be that i planned that
(58:08 / All) WellThatIsThat: remember when i killed all ur wyrms? lol
(58:08 / All) IsThisTheRealNa: fool
(58:15 / All) WaTcHMeKiLLYoU: cause your a cunt green
(58:43 / All) WellThatIsThat: ca$h
(59:26 / All) WellThatIsThat: run!
(59:58 / 7) WellThatIsThat: dont tell them we planne dthis yet
(60:02 / 7) WellThatIsThat: not till they are good and over
(60:14 / 8) IsThisTheRealNa: theres still a billion gold on map
(60:18 / 8) IsThisTheRealNa: i didnt mine them all for that long
(60:35 / 7) WellThatIsThat: theyre owned
(60:38 / 7) WellThatIsThat: they coudl come with 200 food now
(60:41 / 7) WellThatIsThat: and id survive
(60:46 / 8) IsThisTheRealNa: they still have lots of gold
(60:49 / 8) IsThisTheRealNa: but they will chase me
(60:54 / 8) IsThisTheRealNa: aftery ou punch them around enough
(61:02 / 7) WellThatIsThat: they have like 10k tops if they go to 50 food asap
(61:23 / 8) IsThisTheRealNa: 12k left
(61:24 / 8) IsThisTheRealNa: about
(61:29 / 8) IsThisTheRealNa: w/o unsummons
(61:32 / 8) IsThisTheRealNa: if at 50 food
(61:50 / 7) WellThatIsThat: they gonna get 81 asap
(61:52 / 7) WellThatIsThat: they already over 50
(62:03 / 7) WellThatIsThat: so 12k = 8k or less
(62:10 / All) IsThisTheRealNa: you have been using the same ten buildings and 12 units pink
(62:14 / All) IsThisTheRealNa: and they have sent how much at you?
(62:19 / All) IsThisTheRealNa: and failed the whole time
(62:24 / All) WaTcHMeKiLLYoU: kind of hard
(62:26 / All) WaTcHMeKiLLYoU: dipshit
(62:30 / All) WaTcHMeKiLLYoU: with fuckin all the wells
(62:31 / All) WellThatIsThat: n00bs
(62:32 / All) IsThisTheRealNa: yea
(62:33 / All) WellThatIsThat: cant win 2v1
(62:37 / All) WellThatIsThat: im at like 37 food
(62:37 / All) WaTcHMeKiLLYoU: lol
(62:39 / All) IsThisTheRealNa: 2v1
(62:39 / All) WaTcHMeKiLLYoU: lol
(62:40 / All) WaTcHMeKiLLYoU: lol
(62:41 / All) WaTcHMeKiLLYoU: lol
(62:44 / All) IsThisTheRealNa: and when you have about 200x his food
(62:48 / All) WaTcHMeKiLLYoU: lol
(62:49 / All) IsThisTheRealNa: and 50x his units
(62:51 / All) WaTcHMeKiLLYoU: dont worry green
(62:58 / All) WaTcHMeKiLLYoU: im sure you dont remember killing my fuckin units
(62:59 / All) IsThisTheRealNa: why
(63:02 / All) IsThisTheRealNa: im pretty worried
(63:06 / All) IsThisTheRealNa: that you cant win for me
(63:07 / All) IsThisTheRealNa: at this point
(63:20 / All) IsThisTheRealNa: come here and chase my hero again
(63:20 / All) WaTcHMeKiLLYoU: just leave u fuckin dip shit
(63:23 / All) IsThisTheRealNa: you were doing so well before
(63:27 / All) WaTcHMeKiLLYoU: lol
(63:32 / All) WaTcHMeKiLLYoU: u r probably 10 yrs old
(63:33 / All) WaTcHMeKiLLYoU: dumb fuck
(63:38 / All) IsThisTheRealNa: rofl
(63:42 / All) IsThisTheRealNa: "how old are you"
(63:44 / All) IsThisTheRealNa: "i dont care"
(63:46 / All) IsThisTheRealNa: things to say
(63:49 / All) IsThisTheRealNa: when you lose an argument
(64:57 / All) WellThatIsThat: ca$h
(65:10 / All) WaTcHMeKiLLYoU: yeah
(65:16 / All) WaTcHMeKiLLYoU: i am sure green hasnt been feeding you
(65:21 / All) IsThisTheRealNa: rofl with what
(65:24 / All) WellThatIsThat: why would he try to do your job
(65:30 / All) IsThisTheRealNa: HAW
(66:01 / All) WaTcHMeKiLLYoU: so fgucking gay
(66:07 / 8) IsThisTheRealNa: ur left
(66:11 / 8) IsThisTheRealNa: ur archers dying
(66:16 / 7) WellThatIsThat: sok
(66:20 / All) IsThisTheRealNa: i promist not to touch reds stuff
(66:26 / All) IsThisTheRealNa: if blue is brave enough
(66:29 / All) IsThisTheRealNa: to continue the assault
(66:31 / 7) WellThatIsThat: leave game
(66:37 / 7) WellThatIsThat: i got it now
(66:42 / All) IsThisTheRealNa: PFFF